 Dungeon Crawl Stone Soup version 0.16-a0-3643-g096a701 (webtiles) character file.

11706 PolkaDot the Martial Artist (level 11, -25/101 HPs)
             Began as a Pale Draconian Monk on Jan 16, 2015.
             Was an Elder of Okawaru.
             Annihilated by a hill giant
             ... wielding a +0 giant club
              (43 damage)
             ... on level 11 of the Dungeon.
             The game lasted 00:41:32 (13590 turns).

PolkaDot the Martial Artist (Pale Draconian Monk)  Turns: 13590, Time: 00:41:32

Health: -25/101    AC: 15    Str: 13 (14) XL:     11   Next: 52%
Magic:  11/11      EV: 19    Int: 11 (13) God:    Okawaru [****..]
Gold:   589        SH:  0    Dex: 12 (14) Spells: 3 memorised, 2 levels left

rFire  . . .     SeeInvis .       - Unarmed
rCold  . . .     Clarity  .     (armour unavailable)
rNeg   . . .     SustAb   .     (no shield)
rPois  .         Gourm    .     (helmet restricted)
rElec  .         Spirit   .     o - +0 cloak
rCorr  .         Warding  .     C - +1 pair of gloves
rMut   .         Stasis   .     l - +2 pair of boots
MR     .....                    (no amulet)
Stlth  ++........               y - +3 ring of evasion
                                I - +2 ring of protection

@: short of breath, not resistant to hostile enchantments, unstealthy
A: breathe steam, unfitting armour, big wings, deterioration 1, cold-blooded,
MP-powered wands 1, AC +7
a: Breathe Steam, Fly, Heroism, Renounce Religion


You were on level 11 of the Dungeon.
You worshipped Okawaru.
Okawaru was greatly pleased with you.
You were not hungry.

You visited 1 branch of the dungeon, and saw 11 of its levels.
You also visited: Sewer.

You collected 589 gold pieces.

Inventory:

Armour
 l - a +2 pair of boots (worn)
 o - a +0 cloak (worn)
 C - a +1 pair of gloves (worn)
Jewellery
 k - an uncursed ring of ice
 x - an uncursed ring of ice
 y - a +3 ring of evasion (right hand)
 I - a +2 ring of protection (left hand)
Magical devices
 a - a wand of lightning (0)
 j - a wand of slowing (16)
 t - a wand of fireball (1)
 z - a wand of lightning (0)
 E - a wand of disintegration (2)
 G - a wand of magic darts (19)
 H - a wand of lightning (6)
Scrolls
 f - 5 scrolls of remove curse
 i - 2 scrolls of blinking {unknown}
 m - 4 scrolls of amnesia {unknown}
 p - 3 scrolls of immolation
 s - a scroll of recharging {unknown}
 w - 3 scrolls of fear {unknown}
 A - a scroll of random uselessness {unknown}
 F - a scroll of enchant armour {unknown}
Potions
 c - 3 potions of brilliance
 e - 5 potions of magic
 v - 3 potions of restore abilities
Books
 J - a Fen Folio

   Spells                             Type                      Level
   a - Corpse Rot                     Necromancy                   2
   b - Stone Arrow                    Conjuration/Earth            3
   c - Leda's Liquefaction            Hexes/Earth                  4
   d - Summon Forest                  Summoning/Translocation      5
   e - Hydra Form                     Transmutation                6
   f - Summon Hydra                   Summoning                    7
Comestibles
 b - 4 bread rations
 d - 13 chunks of flesh
 g - 8 meat rations
 n - 7 beef jerkies
 q - a slice of pizza
 r - 10 fruits
 u - 10 royal jellies


   Skills:
 - Level 10.4 Fighting
 + Level 9.3 Dodging
 - Level 1.7 Stealth
 * Level 13.1 Unarmed Combat
 + Level 0.4 Invocations


You had 2 spell levels left.
You knew the following spells:

 Your Spells              Type           Power        Failure   Level  Hunger
a - Apportation           Tloc           #.........   34%         1    ##.....
b - Summon Butterflies    Summ           #.......     34%         1    ##.....
h - Hydra Form            Trmt           #.........   100%        6    #######


Dungeon Overview and Level Annotations

Branches:
Dungeon (11/15)            Temple (0/1) D:7            Lair (0/8) D:8
    Orc (0/4) D:9

Altars:
Ashenzari
Elyvilon
Fedhas
Gozag
Makhleb
Nemelex Xobeh
Okawaru
Qazlal
Ru
Trog
Vehumet
Xom
Beogh

Shops:
D:4 (   D:8 *   D:9 :

Annotations:
D:5 exclusion: oklob plant


Innate Abilities, Weirdness & Mutations

You can breathe blasts of scalding steam.
Your pale cyan-grey scales are hard (AC +7).
Your body does not fit into most forms of armour.
Your cold-blooded metabolism reacts poorly to cold.
Your wings are large and strong.
Your body is slowly deteriorating.
You expend magic power (3 MP) to slightly strengthen your wands.


Message History

The hill giant is heavily wounded.
The hill giant completely misses you.
You barely miss the hill giant.
Your tail-slap misses the hill giant.
The hill giant is heavily wounded.
Throwing (i - inventory):
B - a throwing net (quivered)
Press: ? - help, Shift-Dir - straight line, f/p - hill giant
Aim: a hill giant, wielding a giant club (heavily wounded)
You throw a throwing net.
The throwing net barely misses the hill giant.
The hill giant hits you with a giant club!!!
* * * LOW HITPOINT WARNING * * *
Firing (i - inventory): No suitable missiles.
Press: ? - help, Shift-Dir - straight line, f/p - hill giant
Aim: a hill giant, wielding a giant club (heavily wounded)
Okay, then.
Unknown command.
You hit the hill giant.
The hill giant is heavily wounded.
The hill giant hits you with a giant club!!!
You die...

.
......#.....†'.....#.#
.
..<..#......#.....#.#
. ....'......#.....#:#
................#.#
≈.≈≈≈≈≈.≈≈≈≈≈...#
.≈###≈.≈###≈..## ≈ ≈
#≈.≈# #≈..#
#≈.≈###≈C≈###≈))#
≈≈.≈≈≈≈≈@≈≈≈≈≈.)#
................#
≈≈.≈≈≈≈≈.≈≈≈≈≈..#
≈.≈###≈.≈###≈..# ≈.
#≈.≈# #≈..#
#≈.≈###≈..#
≈≈≈.≈≈≈≈≈..#
...........#
≈≈≈.≈≈≈≈≈..#


You could see a hill giant.

Vanquished Creatures
  The ghost of Zuul the Skirmisher, an experienced DsGl (D:7)
  Pikel (D:5)
  2 hill giants
  A manticore (D:9)
  2 trolls
  Prince Ribbit (D:8)
  A two-headed ogre (D:9)
  2 water elementals (D:11)
  The ghost of PolkaDot the Skirmisher, an average DrAK of Lugonu (Sewer)
  Eustachio (D:5)
  14 yaks
  Grum (D:10)
  2 wolves (D:10)
  A soldier ant (D:9)
  A phantom (D:11)
  4 sky beasts
  A slave (D:5)
  4 ice beasts
  6 orc warriors
  A necrophage (D:11)
  A boring beetle (D:9)
  4 ogres
  4 centaurs
  A crocodile (D:11)
  2 big kobolds (D:9)
  6 giant frogs
  7 scorpions
  6 killer bees (D:9)
  3 electric eels
  3 goliath beetles
  A centaur zombie (D:5)
  5 orc priests
  5 hounds
  6 jellies
  10 worker ants
  6 crimson imps
  4 giant frog skeletons
  A quasit (D:5)
  3 centaur skeletons
  9 orc wizards
  A worker ant zombie (D:9)
  A gnoll (D:6)
  13 adders
  3 shadow imps
  5 giant mites (D:4)
  An ufetubus (D:5)
  2 worms
  8 giant geckos
  53 orcs
  13 bats
  A bat skeleton (D:4)
  A bat zombie (D:5)
  9 giant cockroaches
  8 goblins
  11 hobgoblins
  13 jackals
  30 kobolds
  5 quokkas
  6 ball pythons (Sewer)
  A giant gecko skeleton (D:6)
  A giant gecko zombie (D:5)
  2 giant newts
  2 jackal zombies (D:7)
  2 orc zombies (D:7)
  A quokka zombie (D:9)
  16 rats
  3 ballistomycetes (D:8)
  5 plants (Sewer)
352 creatures vanquished.

Vanquished Creatures (others)
  A scorpion (D:8)
  A shadow imp (D:5)
  A giant gecko (D:5)
  A giant cockroach (D:5)
  A giant newt (D:5)
  A giant spore (D:8)
  20 toadstools (D:5)
26 creatures vanquished.

Grand Total: 378 creatures vanquished

Notes
Turn   | Place    | Note
--------------------------------------------------------------
     0 | D:1      | PolkaDot, the Draconian Monk, began the quest for the Orb.
     0 | D:1      | Reached XP level 1. HP: 19/19 MP: 1/1
   874 | D:2      | Found a sacrificial altar of Ru.
   884 | D:2      | Reached XP level 2. HP: 5/26 MP: 2/2
  1150 | D:2      | Became a worshipper of Ru the Awakened
  1164 | D:2      | Fell from the grace of Ru
  1780 | D:3      | Reached XP level 3. HP: 28/33 MP: 3/3
  1808 | D:3      | Found a shimmering altar of Xom.
  2763 | D:4      | Found a white marble altar of Elyvilon.
  2766 | D:4      | Found Skaymnek's Antique Weapon Boutique.
  2784 | D:4      | Reached XP level 4. HP: 27/40 MP: 4/4
  2806 | D:4      | Reached skill level 5 in Unarmed Combat
  2812 | D:4      | Found a glowing drain.
  2837 | Sewer    | Entered a sewer
  3109 | Sewer    | Reached XP level 5. HP: 46/46 MP: 5/5
  3538 | Sewer    | Noticed PolkaDot's ghost (average DrAK)
  3558 | Sewer    | Killed PolkaDot's ghost
  3558 | Sewer    | Reached XP level 6. HP: 34/53 MP: 6/6
  3879 | D:4      | Reached skill level 6 in Unarmed Combat
  4269 | D:4      | Found a burning altar of Makhleb.
  4930 | D:5      | Entered Level 5 of the Dungeon
  4977 | D:5      | Noticed Eustachio
  5003 | D:5      | Reached skill level 5 in Fighting
  5003 | D:5      | Your scales start fading to a pale cyan-grey colour.
  5003 | D:5      | Reached XP level 7. HP: 30/61 MP: 7/7
  5176 | D:5      | Killed Eustachio
  5176 | D:5      | Reached skill level 7 in Unarmed Combat
  5195 | D:5      | Noticed Pikel
  5503 | D:5      | Killed Pikel
  5503 | D:5      | Reached skill level 5 in Dodging
  5503 | D:5      | Reached skill level 8 in Unarmed Combat
  5503 | D:5      | Reached XP level 8. HP: 59/70 MP: 8/8
  5719 | D:5      | Found a shattered altar of Ashenzari.
  6030 | D:5      | Found a bloodstained altar of Trog.
  6253 | D:5      | Found a blossoming altar of Fedhas.
  6295 | D:5      | Noticed an oklob plant
  6977 | D:6      | Reached skill level 9 in Unarmed Combat
  7189 | D:6      | Found an iron altar of Okawaru.
  7221 | D:6      | Became a worshipper of Warmaster Okawaru
  7373 | D:7      | Reached XP level 9. HP: 76/79 MP: 9/9
  7633 | D:7      | Found a stormy altar of Qazlal.
  7707 | D:7      | Gained mutation: Your body is slowly deteriorating. [potion of mutation]
  7707 | D:7      | Gained mutation: You expend magic power (3 MP) to slightly strengthen your wands. [potion of mutation]
  7707 | D:7      | Gained mutation: Your wings are large and strong. [potion of mutation]
  7940 | D:7      | Got a shimmering whip
  7941 | D:7      | Identified the cursed -2 whip of Vifuhext {venom, *Tele +Blink rF+ rN+ Dex+3} (You found it on level 7 of the Dungeon)
  7995 | D:7      | Acquired Okawaru's first power
  8419 | D:7      | Noticed Zuul's ghost (experienced DsGl)
  8420 | D:7      | Found a staircase to the Ecumenical Temple.
  8448 | D:7      | Killed Zuul's ghost
  8448 | D:7      | Reached skill level 10 in Unarmed Combat
  8809 | D:8      | Found a sparkling altar of Nemelex Xobeh.
  8818 | D:8      | Noticed Prince Ribbit
  8860 | D:8      | Killed Prince Ribbit
  9118 | D:8      | Reached XP level 10. HP: 86/89 MP: 10/10
  9186 | D:8      | Found a radiant altar of Vehumet.
  9319 | D:8      | Reached skill level 11 in Unarmed Combat
  9322 | D:8      | Found Gozag's Nutrition Petition.
  9341 | D:8      | Found an opulent altar of Gozag.
  9638 | D:8      | Found a staircase to the Lair.
  9867 | D:9      | Found a roughly hewn altar of Beogh.
  9951 | D:9      | Found a staircase to the Orcish Mines.
 10341 | D:9      | Noticed a manticore
 10354 | D:9      | Killed a manticore
 10694 | D:9      | Found Qiufulee's Book Shoppe.
 11020 | D:9      | Reached skill level 12 in Unarmed Combat
 11199 | D:9      | Noticed an eight-headed hydra
 11562 | D:10     | Entered Level 10 of the Dungeon
 11741 | D:10     | Noticed Grum
 11742 | D:10     | Reached XP level 11. HP: 99/99 MP: 11/11
 11782 | D:10     | Killed Grum
 11890 | D:10     | Noticed a hill giant
 12119 | D:10     | Killed a hill giant
 12119 | D:10     | Reached skill level 10 in Fighting
 12555 | D:11     | Noticed a hill giant
 12565 | D:11     | Killed a hill giant
 12767 | D:11     | Noticed a hill giant
 12769 | D:11     | Noticed a centaur warrior
 12814 | D:11     | Reached skill level 13 in Unarmed Combat
 13327 | D:11     | Noticed a hill giant
 13386 | D:11     | Learned a level 1 spell: Apportation
 13388 | D:11     | Learned a level 1 spell: Summon Butterflies
 13396 | D:11     | Learned a level 6 spell: Hydra Form
 13590 | D:11     | Annihilated by a hill giant

Action                   |  1- 3 |  4- 6 |  7- 9 | 10-12 || total
-------------------------+-------+-------+-------+-------++-------
Melee: Unarmed           |   126 |   461 |   522 |   559 ||  1668
Throw: Throwing net      |       |       |       |     2 ||     2
Invok: Renounce Religion |     1 |       |       |       ||     1
       Heroism           |       |       |     2 |     8 ||    10
 Abil: Evoke Flight      |       |     3 |       |       ||     3
       Breathe Steam     |       |       |    11 |    11 ||    22
       Fly               |       |       |     1 |     1 ||     2
Evoke: Wand              |       |     1 |     3 |       ||     4
  Use: Scroll            |     8 |     1 |     1 |     2 ||    12
       Potion            |       |     3 |     9 |     1 ||    13
 Stab: Sleeping          |     4 |       |     2 |     2 ||     8
       Distracted        |       |       |     1 |       ||     1
  Eat: Bread ration      |     1 |       |       |       ||     1
       Chunk             |     1 |     9 |    15 |    15 ||    40
       Beef jerky        |       |       |       |     1 ||     1
